 Dungeon Crawl Stone Soup version 0.20.1-1-g8b1a95d (webtiles) character file.

9 vomix the Chopper (level 2, -1/26 HPs)
             Began as a Minotaur Berserker on Aug 9, 2017.
             Was a Follower of Trog.
             Slain by a hobgoblin
             ... wielding a +0 club
              (5 damage)
             ... on level 1 of the Dungeon.
             The game lasted 00:00:56 (416 turns).

vomix the Chopper (Minotaur Berserker)               Turns: 416, Time: 00:00:56

Health: -1/26      AC:  2    Str: 21    XL:     2   Next: 6%
Magic:  1/1        EV: 12    Int: -2    God:    Trog [*.....]
Gold:   20         SH:  0    Dex:  9    Spells: 1/1 levels left

rFire    . . .     SeeInvis .   a - +0 hand axe
rCold    . . .     Gourm    .   (no shield)
rNeg     . . .     Faith    .   b - +0 animal skin
rPois    .         Spirit   .   (helmet restricted)
rElec    .         Reflect  .   (no cloak)
rCorr    .         Harm     .   (no gloves)
MR       .....                  (no boots)
Stlth    +.........             (no amulet)
Regen    0.1/turn               e - -6 ring of intelligence (curse)
MPRegen  0.1/turn               (no ring)

@: slowed, lost intelligence, very slow
A: retaliatory headbutt, horns 2
a: Berserk, Burn Spellbooks, Renounce Religion


You were on level 1 of the Dungeon.
You worshipped Trog.
Trog was aware of your devotion.
You were not hungry.

You visited 1 branch of the dungeon, and saw 1 of its levels.

You collected 20 gold pieces.

Inventory:

Hand Weapons
 a - a +0 hand axe (weapon)
Armour
 b - a +0 animal skin (worn)
Jewellery
 e - a cursed -6 ring of intelligence (left hand)
Scrolls
 d - a scroll of enchant weapon {unknown}
 g - a scroll of recharging {unknown}
 i - a scroll of identify {unknown}
 j - a scroll of teleportation {unknown}
Comestibles
 c - a bread ration
 f - a chunk of flesh
 h - a meat ration


   Skills:
 - Level 3.6 Fighting
 + Level 4.3 Axes
 - Level 2.4 Armour
 - Level 2.1 Dodging


You had one spell level left.
You didn't know any spells.

Dungeon Overview and Level Annotations

Branches:
Dungeon (1/15)

Altars:


Innate Abilities, Weirdness & Mutations

You reflexively headbutt those who attack you in melee.
You have a pair of horns on your head.


Message History

You hit the bat but do no damage. You hit the dart slug.
The bat barely misses you.
The hobgoblin hits you but does no damage.
The dart slug barely misses you. The hobgoblin hits you with a club.
* * * LOW HITPOINT WARNING * * *
You aren't carrying any potions.
You aren't carrying any potions.
You almost manage to decipher the scroll, but fail in this attempt.
The bat closely misses you. The hobgoblin barely misses you.
You furiously retaliate!
You headbutt the hobgoblin. The dart slug barely misses you.
You almost manage to decipher the scroll, but fail in this attempt.
The bat hits you but does no damage. The hobgoblin closely misses you.
The dart slug barely misses you.
You almost manage to decipher the scroll, but fail in this attempt.
The hobgoblin barely misses you.
The dart slug bites you but does no damage.
The hobgoblin barely misses you. The hobgoblin hits you with a club.
You die...

#..............#'#.###.##..
###.)...[..#.....#.#.###..#..
#..........#.....#........#..
#####....#####.......#.#.##...#..
#........# #.......#.#.##....#.
#........# #.................+.
#........# #...............#.#.
#........# #...#####.......#.#.
#........#######@# #.#####.#.#.
#........#....bg.# #. #.#.#.
##########...?.w.# #.#.#.
#............ #.#..#
#.#....$....... ..##.# #
#............. #.. ######........
##. #....)... #. #........ #.


You could see a dart slug, a hobgoblin and a bat.

Vanquished Creatures
  2 bats (D:1)
  2 goblins (D:1)
  2 frilled lizards (D:1)
  4 kobolds (D:1)
10 creatures vanquished.

Notes
Turn   | Place    | Note
-------+----------+-------------------------------------------
     0 | D:1      | vomix the Minotaur Berserker began the quest for the Orb.
     0 | D:1      | Reached XP level 1. HP: 19/19 MP: 0/0
    32 | D:1      | Reached skill level 4 in Axes
    70 | D:1      | Lost intelligence.
   360 | D:1      | Reached XP level 2. HP: 19/26 MP: 1/1
   416 | D:1      | Slain by a hobgoblin

Skill      XL: |  1 |
---------------+----+-----
Axes           | 4 |  4.3
Fighting       | |  3.6
Armour         | |  2.4
Dodging        | |  2.1

Action                   || total
-------------------------++-------
Melee: Hand axe          ||    20
       Headbutt          ||     2
Armor: Animal skin       ||     5
Dodge: Dodged            ||    31
